 Dungeon Sprint DCSS version 0.23.0 (webtiles) character file.

Game seed: 11502649612209390763

2092 nuthulu the Blocker (level 9, -1/78 HPs)
             Began as a Formicid Fighter on Feb 17, 2019.
             Slain by a spiny frog (8 damage)
             ... in the Dungeon (Sprint V: "Ziggurat Sprint").
             The game lasted 00:02:46 (716 turns).

nuthulu the Blocker (Formicid Fighter)               Turns: 716, Time: 00:02:47

Health: -1/78      AC: 29    Str: 35    XL:     9   Next: 52%
Magic:  0/9        EV:  3    Int:  8    God:
Gold:   0          SH:  0    Dex: 11    Spells: 8/8 levels left

rFire    . . .     SeeInvis +   F - +1 sword of Power
rCold    . . .     Gourm    .   H - +18 shield of the Gong {rElec rN+ MR+ EV-5}
rNeg     + . .     Faith    .   G - +15 Maxwell's patent armour {-Cast -Tele rElec MR+ rCorr}
rPois    .         Spirit   .   (helmet unavailable)
rElec    +         Reflect  .   (no cloak)
rCorr    +         Harm     .   (no gloves)
MR       ++...     NoCast   +   (no boots)
Stlth    ..........             (no amulet)
HPRegen  0.23/turn              E - +6 ring of strength
MPRegen  0.11/turn              D - +6 ring of strength

@: confused, lethally poisoned (-1 -> -13), studying Crossbows
A: permanent stasis, dig shafts and tunnels, four strong arms, antennae 3
a: Dig


You were in the Dungeon.
You were not hungry.

You visited 1 branch

Inventory:

Hand Weapons
 F - the +1 sword of Power (weapon)
   (You found it in the Dungeon)
Armour
 c - the -2 hat of the Alchemist {rElec rPois rF+ rC+ rN+ MR+ rMut rCorr}
   (You found it in the Dungeon)

   It protects you from fire.
   It protects you from cold.
   It insulates you from electricity.
   It protects you from poison.
   It protects you from negative energy.
   It affects your resistance to hostile enchantments.
   It provides partial protection from all sources of acid and corrosion.
   It protects you from mutation.
 G - the +15 Maxwell's patent armour (worn) {-Cast -Tele rElec MR+ rCorr}
   (You found it in the Dungeon)

   It insulates you from electricity.
   It affects your resistance to hostile enchantments.
   It prevents spellcasting.
   It prevents most forms of teleportation.
   It provides partial protection from all sources of acid and corrosion.
 H - the +18 shield of the Gong (worn) {rElec rN+ MR+ EV-5}
   (You found it in the Dungeon)

   It affects your evasion (-5).
   It insulates you from electricity.
   It protects you from negative energy.
   It affects your resistance to hostile enchantments.
Jewellery
 z - a +6 ring of dexterity
 A - a +6 ring of dexterity
 B - a +6 ring of intelligence
 C - a +6 ring of intelligence
 D - a +6 ring of strength (right hand)
 E - a +6 ring of strength (left hand)
Wands
 w - a wand of disintegration (7)
 x - a wand of iceblast (7)
 y - a wand of acid (7)
Scrolls
 k - 4 scrolls of blinking
 q - 4 scrolls of amnesia
 r - 7 scrolls of fog
 s - a scroll of holy word
 t - 5 scrolls of identify
 u - 5 scrolls of remove curse
 v - 2 scrolls of fear
Potions
 d - 6 potions of might
 e - 10 potions of curing
 g - 10 potions of heal wounds
 h - 6 potions of haste
 i - 7 potions of magic
 j - 3 potions of berserk rage
 l - 2 potions of brilliance
 m - 2 potions of invisibility
 n - 4 potions of resistance
 p - 5 potions of agility
Books
 b - a manual of Crossbows
Comestibles
 a - 3 chunks of flesh
 f - 7 rations


   Skills:
 + Level 9.8 Fighting
 + Level 11.3 Long Blades
 + Level 5.0 Throwing
 + Level 10.2 Armour
 + Level 0.2 Dodging
 + Level 13.5 Shields


You had 8 spell levels left.
You didn't know any spells.
Your spell library was empty.

Dungeon Overview and Level Annotations

Branches:
Dungeon (1/1)

Altars:
Ashenzari
Cheibriados
Dithmenos
Elyvilon
Fedhas
Gozag
Hepliaklqana
Kikubaaqudgha
Makhleb
Nemelex Xobeh
Okawaru
Qazlal
Ru
Sif Muna
Trog
Uskayaw
Vehumet
Wu Jian
Xom
Yredelemnul
Zin
The Shining One
Beogh
Jiyva
Lugonu

Annotations:
D 1 transporter


Innate Abilities, Weirdness & Mutations

You cannot be hasted, slowed, berserked, paralysed or teleported.
You can dig through walls and to a lower floor.
Your four strong arms can wield two-handed weapons with a shield.
You have a pair of large antennae on your head. (SInv)


Message History

The spiny frog barely misses you.
The bullfrog hits you but does no damage.
The wolf bites you! The spiny frog stings you.
The slime creature hits you but does no damage.
The eye of draining gazes at you.
Unknown command.
You slice the eye of draining!!
The eye of draining is heavily wounded.
The slime creature hits you. The spiny frog stings you!
* * * LOW HITPOINT WARNING * * *
You are lethally poisoned!
The spiny frog poisons you!
You hit the yak.
The yak is lightly wounded.
* * * LOW HITPOINT WARNING * * *
You feel sick. The yak gores you but does no damage.
The slime creature hits you.
* * * LOW HITPOINT WARNING * * *
The spiny frog stings you!
You die...

▓..8©8..▓
{{{
▓..=)}..▓
{{
▓..)}}..▓
▓.......▓
▓.......▓
▓....r..▓
▓....h..▓
▓.▓HFG▓.▓
▓..FJ@Y.▓
▓▓▓▓▓▓▓▓▓


{{{{{ {{{{ You could see a slime creature, a hippogriff, a yak, a spiny frog, an
eye of draining, a wolf, a bullfrog and a river rat.

Vanquished Creatures
  4 deep elf magi (D)
  A golden eye (D)
  2 water moccasins (D)
  4 orc wizards (D)
  3 orc priests (D)
  3 adders (D)
  An ooze (D)
  2 ball pythons (D)
20 creatures vanquished.

Notes
Turn   | Place    | Note
-------+----------+-------------------------------------------
     0 | D        | Found the +6 Majin-Bo {vamp, Archmagi MP+6 Int+6}
     0 | D        | Found the +7 great mace "Firestarter" {inner flame, rF++}
     0 | D        | nuthulu the Formicid Fighter began the quest for the Orb.
     0 | D        | Reached XP level 1. HP: 18/18 MP: 1/1
     0 | D        | Found a deep blue altar of Sif Muna.
     0 | D        | Found a sacrificial altar of Ru.
     0 | D        | Found a bloodstained altar of Trog.
     0 | D        | Found a stormy altar of Qazlal.
     0 | D        | Found an iron altar of Okawaru.
     0 | D        | Found a sparkling altar of Nemelex Xobeh.
     0 | D        | Found a blossoming altar of Fedhas.
     2 | D        | Found a transporter.
     2 | D        | Found an ancient bone altar of Kikubaaqudgha.
     2 | D        | Found a viscous altar of Jiyva.
     2 | D        | Found a corrupted altar of Lugonu.
     2 | D        | Found a hazy altar of Hepliaklqana.
     2 | D        | Found a burning altar of Makhleb.
     2 | D        | Found an opulent altar of Gozag.
    21 | D        | Found the +6 shillelagh "Devastator" {shatter}
    21 | D        | Found the +11 plutonium sword {*Contam Stlth-}
    21 | D        | Found the +8 lance "Wyrmbane" {slay drac, rPois rF+ rC+
                  | AC+3}
    21 | D        | Found the +9 sword of Zonguldrok {reap}
    21 | D        | Found the cursed +13 scythe of Curses {drain, *Curse}
    21 | D        | Found the +0 sword of Power
    21 | D        | Found the +7 mace of Variability {chain chaos}
    21 | D        | Found the +7 Singing Sword {slice, sonic wave}
    21 | D        | Found the +7 longbow "Piercer" {penet, EV-2}
    23 | D        | Found the +9 heavy crossbow "Sniper" {velocity, Acc+∞ SInv}
    23 | D        | Found the +10 dark maul {crush}
    23 | D        | Found the +15 Maxwell's patent armour {-Cast -Tele rElec
                  | MR+ rCorr}
    23 | D        | Found the +18 shield of the Gong {rElec rN+ MR+ EV-5}
    23 | D        | Found the cursed +14 obsidian axe {chop, +Fly SInv *Curse}
    52 | D        | Reached skill level 5 in Long Blades
    52 | D        | Reached skill level 5 in Throwing
    52 | D        | Reached XP level 2. HP: 24/24 MP: 2/2
    62 | D        | Entered arena 2.
    62 | D        | Noticed a water moccasin
    62 | D        | Found a transporter.
    68 | D        | Killed a water moccasin
    68 | D        | Reached skill level 5 in Fighting
    68 | D        | Reached skill level 5 in Armour
    68 | D        | Reached skill level 6 in Shields
    68 | D        | Reached XP level 3. HP: 29/33 MP: 3/3
    68 | D        | Reached XP level 4. HP: 34/39 MP: 4/4
    68 | D        | Reached XP level 5. HP: 39/44 MP: 5/5
   184 | D        | Entered arena 3.
   184 | D        | Found a transporter.
   194 | D        | Reached skill level 7 in Shields
   197 | D        | Reached XP level 6. HP: 32/53 MP: 6/6
   318 | D        | Entered arena 4.
   318 | D        | Found a transporter.
   329 | D        | Reached skill level 8 in Shields
   526 | D        | Entered arena 5.
   526 | D        | Noticed a deep elf mage
   526 | D        | Noticed a deep elf mage
   526 | D        | Noticed a deep elf mage
   526 | D        | Noticed a deep elf mage
   526 | D        | Found a transporter.
   529 | D        | Killed a deep elf mage
   529 | D        | Reached skill level 10 in Shields
   529 | D        | Reached XP level 7. HP: 63/63 MP: 7/7
   533 | D        | Killed a deep elf mage
   533 | D        | Reached skill level 11 in Shields
   533 | D        | Reached XP level 8. HP: 70/70 MP: 8/8
   538 | D        | Killed a deep elf mage
   538 | D        | Reached skill level 10 in Long Blades
   538 | D        | Reached skill level 12 in Shields
   538 | D        | Reached XP level 9. HP: 76/76 MP: 9/9
   546 | D        | Killed a deep elf mage
   546 | D        | Reached skill level 10 in Armour
   546 | D        | Reached skill level 13 in Shields
   647 | D        | Entered arena 6.
   647 | D        | Found a transporter.
   648 | D        | Found the -2 hat of the Alchemist {rElec rPois rF+ rC+ rN+
                  | MR+ rMut rCorr}
   677 | D        | Entered arena 7.
   677 | D        | Noticed a slime creature
   680 | D        | Found a transporter.
   708 | D        | Entered arena 8.
   708 | D        | Noticed a spiny frog
   708 | D        | Noticed a hippogriff
   709 | D        | Found a transporter.
   716 | D        | Slain by a spiny frog

Skill      XL: |  1  2  3  4  5  6  7  8  9 |
---------------+----------------------------+-----
Long Blades    | 5 6 8 9 10 11 | 11.3
Throwing       | 5 |  5.0
Fighting       | 5 6 8 9 |  9.8
Armour         | 5 6 8 9 10 | 10.2
Shields        | 6 7 10 11 12 13 | 13.5
Dodging        | |  0.2

Action                   |  1- 3 |  4- 6 |  7- 9 || total
-------------------------+-------+-------+-------++-------
Melee: Great sword       |     5 |    28 |    41 ||    74
  Use: Potion            |     1 |       |       ||     1
Armor: Plate armour      |     3 |    16 |    52 ||    71
Dodge: Dodged            |       |     1 |     9 ||    10
Block: Shield            |     9 |    55 |    39 ||   103
       Rpst.: Great sword |       |       |     1 ||     1
